[Event "Team 45 45 League T37"]
[Site "Internet Chess Club"]
[Date "2008.05.04"]
[Round "2"]
[White "charles-allen"]
[Black "smitty120"]
[Result "0-1"]
[WhiteElo "1829"]
[BlackElo "1986"]
[Opening "Vienna game"]
[ECO "C28"]
[Time "07:03:39"]
[TimeControl "2700+45"]

1. e4 e5 2. Bc4 Nc6 3. Nc3 Nf6 4. d3 Be7 5. f4 exf4 6. Bxf4 d5 7. exd5 Bg4 8.
Qd2 Nb4 9. h3 Bh5 10. g4 Bg6 11. d6 cxd6 12. O-O-O O-O 13. a3 d5 14. Bb3 Qa5 15.
Nxd5 Nfxd5 16. Bxd5 Qxd5 17. Rh2 Nc6 18. Kb1 Rac8 19. Ne2 Ne5 20. Nc3 Qa5 21.
Bxe5 Qxe5 22. Re1 Qc5 23. h4 h5 24. Ne4 Bxe4 25. Rxe4 Bf6 26. d4 Qb5 27. g5 Bd8
28. Rhe2 Bc7 29. R2e3 Rfe8 30. Rb3 Qc6 31. d5 Qa6 32. Rbe3 Rxe4 33. Rxe4 Bd6 34.
g6 Qf1+ 35. Ka2 fxg6 36. Re6 Qc4+ 37. Kb1 Bf4 38. Qd1 Rf8 39. Rxg6 Be3 40. b3
Qf1 41. Qxf1 Rxf1+ 42. Ka2 Bd4 43. b4 Rf2 44. Kb3 Rf3+ 45. Kc4 Bf6 46. d6 Rc3+
47. Kd5 Rxc2 48. Rxf6 gxf6 49. Ke6 Re2+ 50. Kxf6 Kf8 51. d7 Rd2 52. Ke6 b5
{White resigns} 0-1

[Event "Team 45 45 League T37"]
[Site "Internet Chess Club"]
[Date "2008.05.04"]
[Round "2"]
[White "twinders"]
[Black "Budzo"]
[Result "1/2-1/2"]
[WhiteElo "1678"]
[BlackElo "1748"]
[Opening "Queen's bishop game"]
[ECO "D02"]
[Time "08:02:27"]
[TimeControl "2700+45"]

1. d4 d5 2. Nf3 Nf6 3. Bf4 e6 4. e3 Be7 5. Bd3 O-O 6. O-O c5 7. c3 cxd4 8. cxd4
Nc6 9. h3 Bd7 10. Nbd2 Nb4 11. Bb1 Bb5 12. Re1 Bd3 13. Nb3 Bxb1 14. Qxb1 Rc8 15.
Re2 Qb6 16. a3 Nc6 17. Nbd2 Qb5 18. Re1 Na5 19. b4 Nc4 20. Nb3 Bd6 21. Bxd6 Nxd6
22. Nc5 b6 23. Nd3 Rc3 24. Nde5 Qa4 25. Qd1 Qxd1 26. Rexd1 Rfc8 27. a4 Rc2 28.
b5 Nfe4 29. Rf1 Kf8 30. Nc6 a6 31. Nb4 Rb2 32. Nxa6 Rcc2 33. Rac1 Nc4 34. Rxc2
Rxc2 35. Nb4 Rb2 36. Nd3 Ra2 37. Rb1 Rxa4 38. Nfe5 Ned6 39. Rb3 Ke8 40. Nb2 Ra1+
41. Kh2 Rb1 42. Ned3 Nxb2 43. Rxb2 Rxb2 44. Nxb2 Nxb5 45. Na4 Nd6 46. Nxb6 Kd8
47. Na4 Kc7 48. Nc5 Nb7 49. Nb3 Kb6 50. Kg3 Kb5 51. Kf4 Kc4 52. Nd2+ Kd3 53. Nb3
Kc4 54. Nd2+ {Game drawn by mutual agreement} 1/2-1/2

[Event "Team 45 45 League T37"]
[Site "Internet Chess Club"]
[Date "2008.05.01"]
[Round "2"]
[White "TyJohansen"]
[Black "GolfSuper"]
[Result "1-0"]
[WhiteElo "1546"]
[BlackElo "1564"]
[Opening "Sicilian: closed"]
[ECO "B23"]
[Time "20:07:16"]
[TimeControl "2700+45"]

1. e4 c5 2. Nc3 e6 3. g3 Nc6 4. Bg2 Nf6 5. d3 h6 6. Nge2 d5 7. exd5 exd5 8. O-O
Be6 9. Re1 Be7 10. Nf4 Bg4 11. Qd2 d4 12. Ncd5 O-O 13. Nxe7+ Nxe7 14. Bxb7 Rb8
15. Bg2 Ned5 16. h3 Bf5 17. b3 Nxf4 18. Qxf4 Qd7 19. Kh2 Be6 20. Bd2 Nd5 21.
Bxd5 Bxd5 22. Re5 Rbc8 23. Rae1 Be6 24. Qh4 Qc6 25. Bxh6 Qf3 26. R1e2 Bd5 27.
Rxd5 Qxd5 28. Qg4 g6 29. Bxf8 Rxf8 30. Re7 a6 31. Qf4 a5 32. Qe4 Qh5 33. f3 Qh6
34. Qf4 Qh5 35. Re5 Qh7 36. Rxc5 Ra8 {Black resigns} 1-0

[Event "Team 45 45 League T37"]
[Site "Internet Chess Club"]
[Date "2008.05.03"]
[Round "2"]
[White "PostMike"]
[Black "smsxman"]
[Result "1-0"]
[WhiteElo "1585"]
[BlackElo "1532"]
[Opening "King's pawn game"]
[ECO "C50"]
[Time "13:56:04"]
[TimeControl "2700+45"]

1. e4 e5 2. Nf3 Nc6 3. Bc4 h6 4. d4 exd4 5. Nxd4 Bc5 6. Nxc6 bxc6 7. O-O d6 8.
Nc3 Be6 9. Bxe6 fxe6 10. Qh5+ Kd7 11. Kh1 Nf6 12. Qg6 Qe7 13. f4 Raf8 14. Bd2
Qf7 15. Qxf7+ Rxf7 16. e5 Ng4 17. Ne4 Bb6 18. h3 d5 19. hxg4 dxe4 20. Rae1 g5
21. Kh2 h5 22. Kg3 h4+ 23. Kh3 Rhf8 24. Rxe4 Kc8 25. Rf3 gxf4 26. Rexf4 Rxf4 27.
Rxf4 Rxf4 28. Bxf4 Bf2 29. g5 Bc5 30. Kxh4 Be7 31. Kh5 Bf8 32. Kg6 Kd7 33. Kf7
{Black resigns} 1-0

[Event "Team 45 45 League T37"]
[Site "Internet Chess Club"]
[Date "2008.05.10"]
[Round "2"]
[White "Mutaant"]
[Black "N20863"]
[Result "1-0"]
[WhiteElo "1362"]
[BlackElo "1252"]
[Opening "Sicilian defense"]
[ECO "B20"]
[Time "18:58:20"]
[TimeControl "2700+45"]

1. e4 c5 2. Bc4 Nf6 3. d3 Nc6 4. Ne2 e6 5. O-O Be7 6. Nbc3 a6 7. a3 O-O 8. Ng3
d5 9. Bb3 d4 10. Nce2 h6 11. f4 e5 12. fxe5 Nxe5 13. Nf5 Bxf5 14. Rxf5 Qc7 15.
Bf4 Bd6 16. Bxh6 Neg4 17. Bf4 Bxf4 18. Rxf4 g5 {Black resigns} 1-0

[Event "Team 45 45 League T37"]
[Site "Internet Chess Club"]
[Date "2008.05.01"]
[Round "2"]
[White "Rookmaster"]
[Black "Avedldesierto"]
[Result "1/2-1/2"]
[WhiteElo "1703"]
[BlackElo "1831"]
[Opening "Giuoco Piano"]
[ECO "C50"]
[Time "21:29:54"]
[TimeControl "2700+45"]

1. e4 e5 2. Nf3 Nc6 3. Bc4 Bc5 4. O-O Nf6 5. d4 Bxd4 6. Nxd4 Nxd4 7. f4 d6 8. c3
Nc6 9. f5 Nxe4 10. Qg4 d5 11. Qxg7 Qf6 12. Bh6 Qxg7 13. Bxg7 Rg8 14. Bxd5 Rxg7
15. Bxe4 f6 16. Bxc6+ bxc6 17. Na3 Ba6 18. c4 Rd8 19. Rad1 Rgd7 20. Rxd7 Rxd7
21. g4 Rd4 22. b3 Rxg4+ 23. Kf2 Re4 24. Kg3 Re3+ 25. Kf2 Rh3 26. Kg2 Rh5 27. Nc2
Rg5+ 28. Kh3 Bb7 29. Ne3 Ke7 30. c5 Ba6 31. Rf2 Bd3 32. Rg2 h6 33. Rxg5 hxg5 34.
Kg4 a5 35. h4 gxh4 36. Kxh4 Bb1 37. a3 Ba2 38. b4 axb4 39. axb4 Bd5 40. Kh5 Bf3+
41. Kg6 e4 42. Kg7 Bh5 43. Kh6 Be8 44. Kg7 Bd7 45. Kg6 Bc8 46. Kg7 Be6 47. fxe6
Kxe6 48. Kg6 Ke5 49. Nf5 Ke6 50. Ne3 Ke5 51. Nc2 f5 52. Kg5 f4 53. Kg4 f3 54.
Kg3 Kd5 55. Kf2 Kc4 {Game drawn by mutual agreement} 1/2-1/2

[Event "Team 45 45 League T37"]
[Site "Internet Chess Club"]
[Date "2008.05.03"]
[Round "2"]
[White "Cotesita"]
[Black "peterdiplaros"]
[Result "1-0"]
[WhiteElo "1625"]
[BlackElo "1577"]
[Opening "QGD"]
[ECO "D52"]
[Time "15:05:12"]
[TimeControl "2700+45"]

1. d4 Nf6 2. c4 c6 3. Nc3 d5 4. Bg5 e6 5. e3 Nbd7 6. Nf3 Be7 7. cxd5 cxd5 8. Bd3
O-O 9. O-O Re8 10. Rc1 Nf8 11. Nb5 Bd6 12. Nxd6 Qxd6 13. Bxf6 gxf6 14. Qc2 f5
15. Bb5 Re7 16. Ne5 a6 17. Bd3 f6 18. Nf3 Bd7 19. Qe2 Rg7 20. g3 Bc6 21. Nh4 Kf7
22. Qh5+ Ng6 23. f4 Rag8 24. Kf2 Qb4 25. Rc2 Kf8 26. Rfc1 Nxh4 27. Qxh4 Qe7 28.
Bxa6 Rg4 29. Qh6+ R8g7 30. Be2 Rg6 31. Qh4 Qf7 32. Bh5 e5 33. Bxg6 Rxg6 34. dxe5
fxe5 35. fxe5 Kg7 36. Qf4 Rg4 37. Qf3 Qh5 38. h3 Qxh3 39. Rh1 {Black resigns}
1-0

[Event "Team 45 45 League T37"]
[Site "Internet Chess Club"]
[Date "2008.05.04"]
[Round "2"]
[White "okun"]
[Black "ElMarginal"]
[Result "0-1"]
[WhiteElo "1594"]
[BlackElo "1499"]
[Opening "Réti opening"]
[ECO "A04"]
[Time "19:06:42"]
[TimeControl "2700+45"]

1. Nf3 b6 2. g3 Bb7 3. Bg2 Nf6 4. O-O e6 5. d3 Be7 6. e4 d6 7. Nc3 e5 8. Bg5
Nbd7 9. Re1 h6 10. Bd2 Nh7 11. h4 Nhf6 12. d4 exd4 13. Nxd4 Ne5 14. Nf5 Bf8 15.
Nd5 g6 16. Nd4 Bg7 17. f4 Nc4 18. Bc3 O-O 19. Nb5 c6 20. Nxf6+ Bxf6 21. Bxf6
Qxf6 22. e5 dxe5 23. fxe5 Qe7 24. Nd6 Rad8 25. Kh2 Nxd6 26. exd6 Qxd6 27. Qxd6
Rxd6 28. Re7 Rb8 29. Rf1 f6 30. Rf2 a5 31. Rfe2 Ba6 32. R2e6 Rbd8 33. Bxc6 Rxe6
34. Rxe6 Rd2+ 35. Kh3 Bc8 36. g4 Bxe6 37. Be4 f5 38. gxf5 Bxf5+ 39. Bxf5 gxf5
40. Kg3 Rxc2 41. h5 Rxb2 42. Kf4 Rxa2 {White resigns} 0-1

[Event "Team 45 45 League T37"]
[Site "Internet Chess Club"]
[Date "2008.05.01"]
[Round "2"]
[White "betto2506"]
[Black "RingLord"]
[Result "0-1"]
[WhiteElo "1294"]
[BlackElo "1553"]
[Opening "Sicilian: Scheveningen variation"]
[ECO "B80"]
[Time "21:01:17"]
[TimeControl "2700+45"]

1. e4 c5 2. Nf3 e6 3. d4 cxd4 4. Nxd4 Nf6 5. Nc3 d6 6. Bg5 Be7 7. Nf3 h6 8. Bxf6
Bxf6 9. Bb5+ Nc6 10. Qd3 O-O 11. a3 a6 12. Ba4 b5 13. Bb3 Ne5 14. Nxe5 Bxe5 15.
Qe3 Qf6 16. g3 Bxc3+ 17. bxc3 Bb7 18. a4 Qe5 19. axb5 axb5 20. Rxa8 Rxa8 21. Ke2
Qxe4 22. Qxe4 Bxe4 23. Rd1 d5 24. f3 Bg6 25. Rd4 Rc8 26. Kd2 Rc5 27. f4 Bf5 28.
h4 Bh3 29. Rb4 Bf1 30. Rd4 Kh7 31. Ke1 Bh3 32. Kd2 Kg6 33. Rd3 Kf5 34. Re3 Kg4
35. Ke2 Bg2 36. Kf2 Be4 37. Ke2 Rc7 38. Kd2 Ra7 39. Kd1 Ra1+ 40. Kd2 Rg1 41. Ke2
Rxg3 42. Rxg3+ Kxg3 43. Ke3 Kxh4 44. Kd4 g5 45. fxg5 hxg5 {White resigns} 0-1

[Event "Team 45 45 League T37"]
[Site "Internet Chess Club"]
[Date "2008.05.02"]
[Round "2"]
[White "bbentrup"]
[Black "frontier"]
[Result "1/2-1/2"]
[WhiteElo "2231"]
[BlackElo "2157"]
[Opening "French: Tarrasch, Guimard variation"]
[ECO "C04"]
[Time "20:32:34"]
[TimeControl "2700+45"]

1. e4 e6 2. d4 d5 3. Nd2 Nc6 4. c3 e5 5. exd5 Qxd5 6. dxe5 Nxe5 7. Ngf3 Nxf3+ 8.
Qxf3 Qxf3 9. Nxf3 Bd6 10. Bg5 Ne7 11. Bb5+ c6 12. O-O-O Bc5 13. Bc4 f6 14. Bh4
a5 15. Rhe1 b5 16. Be6 Bxe6 17. Rxe6 Kf7 18. Rde1 Rhe8 19. Bg3 Rac8 20. Bd6 Bxd6
21. Rxd6 Nf5 22. Rd7+ Re7 23. Rexe7+ Nxe7 24. Nd4 g6 25. b3 b4 26. c4 c5 27. Nb5
Ke6 28. Ra7 Nc6 29. Rxh7 Ne5 30. Kc2 Ng4 31. Ra7 Nxf2 32. Rxa5 Ng4 33. Ra6+ Ke5
34. Nd6 Rc7 35. Ne8 Rd7 36. Rc6 Ne3+ 37. Kc1 Rd1+ 38. Kb2 Rd2+ 39. Kb1 Rd1+ 40.
Kb2 Rd2+ 41. Kb1 Rd1+ 42. Kb2 {Game drawn by repetition} 1/2-1/2

[Event "Team 45 45 League T37"]
[Site "Internet Chess Club"]
[Date "2008.05.06"]
[Round "2"]
[White "chsrules88"]
[Black "Burning-Bush"]
[Result "1/2-1/2"]
[WhiteElo "2038"]
[BlackElo "2130"]
[Opening "Sicilian: Labourdonnais-Löwenthal (Kalashnikov) variation"]
[ECO "B32"]
[Time "22:05:49"]
[TimeControl "2700+45"]

1. e4 c5 2. Nf3 Nc6 3. d4 cxd4 4. Nxd4 e5 5. Nb5 d6 6. N1c3 a6 7. Na3 b5 8. Nd5
Nge7 9. Bg5 h6 10. Bxb5 axb5 11. Nxb5 Ra7 12. Nf6+ gxf6 13. Nxd6+ Qxd6 14. Qxd6
fxg5 15. Qf6 Rg8 16. Qf3 Nd4 17. Qd1 Rd7 18. c3 Ne6 19. Qc2 Nc5 20. Rd1 Rxd1+
21. Qxd1 Bb7 22. f3 Rg6 23. b4 Nd7 24. a4 g4 25. a5 gxf3 26. gxf3 Nc8 27. b5 Nc5
28. a6 Ba8 29. Qe2 Nb6 30. h4 Nba4 31. Qd2 Nb2 32. Kf1 Nbd3 33. Rg1 Rd6 34. Rg8
f5 35. exf5 Kf7 36. Rg6 Rd7 37. b6 Nf4 38. Qa2+ Bd5 39. c4 Bxf3 40. b7 {Game
drawn by mutual agreement} 1/2-1/2

[Event "Team 45 45 League T37"]
[Site "Internet Chess Club"]
[Date "2008.05.05"]
[Round "2"]
[White "ExpertLevel"]
[Black "Atwode"]
[Result "0-1"]
[WhiteElo "1804"]
[BlackElo "1865"]
[Opening "Sicilian: Najdorf"]
[ECO "B90"]
[Time "21:04:37"]
[TimeControl "2700+45"]

1. e4 c5 2. Nf3 d6 3. d4 cxd4 4. Nxd4 Nf6 5. Nc3 a6 6. Bd3 e6 7. f3 Nbd7 8. Be3
Qc7 9. Qd2 b5 10. g4 Ne5 11. b3 Bb7 12. g5 Nfd7 13. f4 Nxd3+ 14. cxd3 Rc8 15.
Rc1 Be7 16. O-O Qb8 17. Nce2 O-O 18. f5 Rxc1 19. Rxc1 e5 20. Nc6 Bxc6 21. Rxc6
Qb7 22. Rc1 d5 23. Ng3 d4 24. Bf2 Rc8 25. h4 Rc6 26. Kh2 Qc7 27. Rxc6 Qxc6 28.
f6 Bf8 29. fxg7 Bxg7 30. Nf5 Qc3 31. Qe2 Nc5 32. Nh6+ Kf8 33. Qf3 Bxh6 34. gxh6
Qxd3 35. Qg4 Ne6 36. Bg3 Qc2+ 37. Kh3 d3 38. Bxe5 d2 39. Bd6+ Ke8 40. Qg8+ Kd7
41. e5 Qd3+ 42. Kh2 Qe2+ 43. Kh3 Nf4+ 44. Kg3 Qg2+ {White resigns} 0-1

[Event "Team 45 45 League T37"]
[Site "Internet Chess Club"]
[Date "2008.05.04"]
[Round "2"]
[White "PaulKaspar"]
[Black "BigMike"]
[Result "1/2-1/2"]
[WhiteElo "1842"]
[BlackElo "1751"]
[Opening "Sicilian defense"]
[ECO "B20"]
[Time "10:03:49"]
[TimeControl "2700+45"]

1. e4 c5 2. Bd3 g6 3. c3 Bg7 4. Bc2 Nc6 5. Nf3 e6 6. O-O Nge7 7. d3 O-O 8. Bg5
d5 9. Qe2 d4 10. cxd4 Nxd4 11. Nxd4 Bxd4 12. Nc3 Qd7 13. Bh6 Rd8 14. Ba4 Nc6 15.
Rad1 b6 16. Qf3 Bb7 17. Bg5 Rf8 18. Bf6 Bxf6 19. Qxf6 Qd4 20. Qxd4 Nxd4 21. f3
a6 22. Rc1 Rad8 23. a3 b5 24. Bd1 Rd7 25. Ne2 Rc8 26. Nxd4 Rxd4 27. Be2 f5 28.
exf5 exf5 29. Rc2 Re8 30. Kf2 Re5 31. Rfc1 Rdd5 32. f4 Re7 33. Rxc5 Rxc5 34.
Rxc5 Bxg2 35. Re5 Rxe5 36. fxe5 Bd5 37. d4 Kf7 38. a4 Bc4 39. axb5 axb5 40.
Bxc4+ bxc4 41. d5 f4 42. Kf3 g5 43. h3 h6 44. d6 Ke6 45. Ke4 h5 46. h4 g4 47.
Kxf4 Kd7 48. Ke4 Ke6 49. Kd4 Kd7 50. Ke4 Ke6 {Game drawn by mutual agreement}
1/2-1/2

[Event "Team 45 45 League T37"]
[Site "Internet Chess Club"]
[Date "2008.05.02"]
[Round "2"]
[White "Checkmates"]
[Black "Flying-Tiger"]
[Result "1-0"]
[WhiteElo "2454"]
[BlackElo "1950"]
[Opening "King's Indian: Petrosian system"]
[ECO "E92"]
[Time "21:00:41"]
[TimeControl "2700+45"]

1. d4 Nf6 2. c4 g6 3. Nc3 Bg7 4. e4 d6 5. Nf3 O-O 6. Be2 e5 7. d5 Na6 8. Nd2 Ne8
9. a3 f5 10. b4 f4 11. Bg4 Qg5 12. Bxc8 Rxc8 13. O-O c6 14. Qe2 Nf6 15. dxc6
bxc6 16. c5 Nc7 17. cxd6 Nce8 18. Nc4 Rd8 19. Rd1 Nd7 20. Na5 c5 21. Nc6 Ra8 22.
bxc5 Kh8 23. Na4 Bh6 24. f3 Nef6 25. Ne7 Rac8 26. c6 Nb6 27. Nxb6 axb6 28. Nxc8
Rxc8 29. d7 {Black resigns} 1-0

[Event "Team 45 45 League T37"]
[Site "Internet Chess Club"]
[Date "2008.05.03"]
[Round "2"]
[White "LennyH"]
[Black "SuperPeon"]
[Result "0-1"]
[WhiteElo "1887"]
[BlackElo "2073"]
[Opening "Pirc: classical system, 5.Be2"]
[ECO "B07"]
[Time "21:00:16"]
[TimeControl "2700+45"]

1. e4 d6 2. d4 g6 3. Nf3 Bg7 4. Be2 Nf6 5. Nc3 O-O 6. h3 Nc6 7. O-O e5 8. Be3
exd4 9. Nxd4 Re8 10. Bf3 Ne5 11. Be2 Ned7 12. Bd3 Nc5 13. Qf3 Nxd3 14. cxd3 c5
15. Nde2 Qb6 16. Rab1 Bd7 17. Bg5 d5 18. Bxf6 Qxf6 19. Qxf6 Bxf6 20. Nxd5 Bd8
21. Rfc1 Rc8 22. b4 c4 23. Nec3 cxd3 24. Rd1 f5 25. f3 fxe4 26. Nxe4 Rxe4 27.
fxe4 Bb5 28. Nf4 Bb6+ 29. Kh1 d2 30. Rxd2 Be3 31. Nd5 Bg5 32. Rf2 Bd3 33. Rb3
Bxe4 34. Nf6+ Bxf6 35. Rxf6 Rc2 36. Re3 Bxg2+ 37. Kg1 Bc6 38. Rf2 Rc4 39. a3 Kg7
40. Kh2 h5 41. Rd2 Rc1 42. h4 Rh1+ 43. Kg3 Rg1+ 44. Kf4 Rg4+ 45. Ke5 Rxh4 46.
Rd6 Rg4 47. Rd4 Rxd4 48. Kxd4 Kf6 49. Rg3 h4 50. Rg4 g5 51. Ke3 Kf5 52. Rd4 h3
53. Rd2 g4 54. Rh2 Bg2 {White resigns} 0-1

[Event "Team 45 45 League T37"]
[Site "Internet Chess Club"]
[Date "2008.05.04"]
[Round "2"]
[White "jazzyjoe"]
[Black "Wheels"]
[Result "0-1"]
[WhiteElo "1671"]
[BlackElo "1843"]
[Opening "Sicilian: Alapin's variation (2.c3)"]
[ECO "B22"]
[Time "14:30:38"]
[TimeControl "2700+45"]

1. e4 c5 2. c3 g6 3. Nf3 Bg7 4. d4 cxd4 5. cxd4 d5 6. exd5 Nf6 7. Nc3 Nxd5 8.
Nxd5 Qxd5 9. Be3 Nc6 10. Rc1 Bg4 11. Be2 Qxa2 12. Qd2 Qd5 13. Rc5 Qd6 14. O-O
O-O 15. Bf4 Qd7 16. Bb5 Bxf3 17. gxf3 Qxd4 18. Qe3 Qxe3 19. fxe3 Rac8 20. Rf2 a6
21. Bxc6 Rxc6 22. Rxc6 bxc6 23. Rc2 Rc8 24. b4 Kf8 25. Kf2 Ke8 26. Ke2 e5 27.
Bg3 Ke7 28. Kd3 Kd6 29. Kc4 f6 30. Ra2 Ra8 31. e4 Bf8 32. Bf2 Kc7 33. Bc5 Kb7
34. h3 Rd8 35. Bxf8 Rxf8 36. Rd2 Kc7 37. Kc5 Rb8 38. Kc4 Rd8 39. Rxd8 Kxd8 40.
Kb3 Kc7 41. Ka4 Kb6 42. Kb3 Kb5 {White resigns} 0-1

[Event "Team 45 45 League T37"]
[Site "Internet Chess Club"]
[Date "2008.05.03"]
[Round "2"]
[White "cgrau"]
[Black "Lazerpawn"]
[Result "0-1"]
[WhiteElo "1717"]
[BlackElo "1681"]
[Opening "Queen's pawn: London system"]
[ECO "A45"]
[Time "10:08:48"]
[TimeControl "2700+45"]

1. d4 Nf6 2. Bf4 Nh5 3. Bg5 g6 4. e3 Bg7 5. Be2 Nf6 6. Nf3 d6 7. h3 O-O 8. O-O
Nbd7 9. c4 h6 10. Bh4 c5 11. Nc3 b6 12. Rb1 Bb7 13. b4 g5 14. Bg3 Ne4 15. Nxe4
Bxe4 16. Bd3 Nf6 17. Bh2 Rc8 18. Bxe4 Nxe4 19. Qd3 f5 20. Nd2 Nxd2 21. Qxd2 cxd4
22. exd4 Rxc4 23. d5 Rd4 24. Qe2 Rxd5 25. Qe6+ Kh8 26. Qxd5 f4 27. Rfe1 e5 28.
Red1 Rf6 29. Rbc1 Qd7 30. Rc6 Bf8 31. Rdc1 h5 32. Qd3 Qe6 33. Rc7 e4 34. Qd4 Bg7
35. Rxa7 e3 36. Ra8+ Kh7 37. Qd3+ Kh6 38. Rcc8 Rf5 39. Re8 Qf6 40. Qb1 Rd5 41.
fxe3 fxe3 42. Qf1 Rf5 43. Qe1 Qd4 44. Qxe3 Qd1+ 45. Qe1 Bd4+ 46. Kh1 Rf1+ 47.
Bg1 Rxe1 {White resigns} 0-1

[Event "Team 45 45 League T37"]
[Site "Internet Chess Club"]
[Date "2008.05.04"]
[Round "2"]
[White "NXS"]
[Black "crag"]
[Result "0-1"]
[WhiteElo "1418"]
[BlackElo "1625"]
[Opening "Queen's pawn: Torre attack"]
[ECO "A46"]
[Time "15:59:33"]
[TimeControl "2700+45"]

1. d4 Nf6 2. Nf3 e6 3. Bg5 c5 4. c3 Be7 5. Nbd2 O-O 6. e3 Nc6 7. Bd3 d5 8. a3
Bd7 9. c4 cxd4 10. exd4 Rc8 11. Rc1 Re8 12. O-O dxc4 13. Nxc4 h6 14. Bh4 Na5 15.
Nxa5 Rxc1 16. Qxc1 Qxa5 17. b4 Qb6 18. Re1 Qd6 19. Bg3 Qb6 20. h3 Bd6 21. Bxd6
Qxd6 22. Qc5 Qxc5 23. dxc5 Rd8 24. Ne5 Ba4 25. Re2 Ne8 26. Be4 Rd1+ 27. Kh2 Bb5
28. Re3 Ba6 29. Bf3 Rd2 30. Kg3 g5 31. Bh5 f5 32. Kf3 Ng7 33. Bg6 Kf8 34. Rc3
Ke7 35. Ke3 Re2+ 36. Kd4 Re4# {White checkmated} 0-1

[Event "Team 45 45 League T37"]
[Site "Internet Chess Club"]
[Date "2008.05.06"]
[Round "2"]
[White "houseofcook"]
[Black "kinchknifeblade"]
[Result "0-1"]
[WhiteElo "1424"]
[BlackElo "1354"]
[Opening "Sicilian: Smith-Morra gambit"]
[ECO "B21"]
[Time "13:32:23"]
[TimeControl "2700+45"]

1. e4 c5 2. d4 cxd4 3. c3 dxc3 4. Nxc3 Nc6 5. Nf3 e6 6. Bc4 Bc5 7. O-O d6 8. Qe2
Nd4 9. Nxd4 Bxd4 10. Rd1 e5 11. Qh5 Qf6 12. Bb5+ Bd7 13. Bxd7+ Kxd7 14. Qe2 Ne7
15. Be3 Nc6 16. Nd5 Qg6 17. Qf3 Rhf8 18. Bxd4 Nxd4 19. Qd3 f5 20. Rac1 Rac8 21.
Rxc8 Rxc8 22. exf5 Qxf5 23. Qxf5+ Nxf5 24. Nc3 Nd4 25. Rd3 Rf8 26. Rg3 Rf7 27.
h3 Ke6 28. Rg4 d5 29. Kf1 b5 30. Ne2 Nxe2 31. Kxe2 Rc7 32. Kd2 g6 33. f3 Rc4 34.
Rxc4 bxc4 35. Kc3 a5 36. b3 cxb3 37. axb3 Kd6 38. Kd3 Kc5 39. Kc2 Kb4 40. g3 g5
41. g4 h6 42. Kb2 d4 43. Kc2 Kc5 44. Kb2 Kd5 45. Kc2 e4 46. fxe4+ Kxe4 47. Kd2
Kf3 48. Kd3 Kg3 49. Kxd4 Kxh3 50. Kc5 Kxg4 51. Kb5 h5 52. Kxa5 h4 53. b4 h3 54.
b5 h2 {White resigns} 0-1

[Event "Team 45 45 League T37"]
[Site "Internet Chess Club"]
[Date "2008.05.04"]
[Round "2"]
[White "knight2f3"]
[Black "AtomicDog"]
[Result "0-1"]
[WhiteElo "1396"]
[BlackElo "1314"]
[Opening "Queen's pawn game"]
[ECO "D02"]
[Time "14:04:36"]
[TimeControl "2700+45"]

1. d4 d5 2. Nf3 c6 3. e3 Bf5 4. b3 Nf6 5. c4 dxc4 6. bxc4 e6 7. Nc3 Bb4 8. Bb2
Ne4 9. Rc1 Qa5 10. Qb3 Nxc3 11. Bxc3 Bxc3+ 12. Rxc3 Nd7 13. Bd3 Bxd3 14. Kd2 Be4
15. Rc1 Qb6 16. Qd1 Bxf3 17. Qxf3 O-O 18. Qg3 Nf6 19. Qf4 c5 20. Ke2 cxd4 21.
exd4 Qc6 22. Kf1 Qe4 23. Qc7 Rac8 24. Qa5 Qxd4 25. c5 Ne4 26. R3c2 Rfd8 27. Qxa7
Rxc5 28. a4 Qd3+ 29. Kg1 Rxc2 30. Rxc2 Qd1# {White checkmated} 0-1

[Event "Team 45 45 League T37"]
[Site "Internet Chess Club"]
[Date "2008.05.05"]
[Round "2"]
[White "Kingangyal"]
[Black "chips"]
[Result "1-0"]
[WhiteElo "1115"]
[BlackElo "1104"]
[Opening "Queen's pawn game, Chigorin variation"]
[ECO "A40"]
[Time "21:03:37"]
[TimeControl "2700+45"]

1. d4 Nc6 2. Nf3 d5 3. Bf4 Nf6 4. e3 e6 5. Be2 Bb4+ 6. c3 Bd6 7. Bxd6 Qxd6 8.
O-O b6 9. Nbd2 Bb7 10. Qc2 a5 11. Bd3 Ba6 12. e4 Bxd3 13. Qxd3 O-O 14. e5 Qd8
15. exf6 Qxf6 16. Rfe1 Nb8 17. Ne5 Rd8 18. Re3 Qf5 19. Qxf5 exf5 20. Nd3 Nd7 21.
Rae1 Nf6 22. Rf3 g6 23. Nc5 bxc5 24. dxc5 c6 25. Rfe3 Re8 26. Rxe8+ Rxe8 27.
Rxe8+ Nxe8 28. Kf1 Nc7 29. Ke2 Na6 30. Kd3 Nxc5+ 31. Kd4 Ne6+ 32. Ke5 Kf8 33.
Kd6 Nd8 34. Kd7 Ne6 35. Kxc6 d4 36. c4 Ke7 37. Kd5 Kf6 38. a3 g5 39. b4 axb4 40.
axb4 h5 41. b5 f4 42. c5 Nc7+ 43. Kc6 Nxb5 44. Kxb5 Ke6 45. Kb6 Kd7 46. Kb7 g4
47. c6+ Ke6 48. c7 {Black resigns} 1-0

[Event "Team 45 45 League T37"]
[Site "Internet Chess Club"]
[Date "2008.05.04"]
[Round "2"]
[White "SoaringEagle"]
[Black "Fogbound"]
[Result "1-0"]
[WhiteElo "1527"]
[BlackElo "1291"]
[Opening "KP: Nimzovich defense"]
[ECO "B00"]
[Time "14:00:16"]
[TimeControl "2700+45"]

1. e4 Nc6 2. Nf3 d6 3. c3 a6 4. d3 Bg4 5. Nbd2 Ne5 6. Qe2 Nf6 7. g3 h6 8. Bg2
Qd7 9. h3 Be6 10. Nd4 b5 11. Nxe6 Qxe6 12. O-O h5 13. Nf3 Nxf3+ 14. Qxf3 Nd7 15.
Bf4 Rc8 16. Rfe1 g5 17. Bxg5 Ne5 18. Qf5 Nxd3 19. Qxe6 fxe6 20. Re2 Ne5 21. Rd1
Rg8 22. h4 Bg7 23. Bh3 Kd7 24. Bf4 Nf3+ 25. Kg2 Nxh4+ 26. gxh4 Be5+ 27. Bg3 Rcf8
28. Rd3 Rg7 29. Kh2 Bxg3+ 30. Rxg3 Rgf7 31. Kg2 Kc6 32. Bxe6 Rf6 33. Bd5+ Kb6
34. Rg5 c6 35. Bb3 Rf4 36. Rxh5 Rg4+ 37. Kh3 Rg1 38. Kh2 Rg4 39. Bc2 Rgf4 40.
Kg2 Rg8+ 41. Rg5 Rh8 42. h5 Rh4 43. Re3 Rf4 44. Rh3 Rhf8 45. Rf5 Rg8+ 46. Rg3
Rfg4 47. Rxg4 Rxg4+ 48. Kh3 Rg1 49. Kh2 Rg8 50. Rf3 Rh8 51. Rh3 Rh6 52. Rh4 e5
53. Bd1 a5 54. Rh3 Kc5 55. Rg3 Rxh5+ 56. Bxh5 Kc4 57. Be2+ Kc5 58. Rg4 b4 59.
cxb4+ axb4 60. a3 bxa3 61. bxa3 Kb6 62. Rg1 c5 63. Rb1+ Ka5 64. Bd1 c4 65. a4 c3
66. Rb5+ Ka6 67. Bc2 Ka7 68. Rd5 Kb6 69. Rxd6+ Kc5 70. Rd5+ Kb4 71. Rxe5 Ka3 72.
Rc5 Kb2 73. a5 Kxc2 74. a6 Kd2 75. a7 c2 76. Rxc2+ {Black resigns} 1-0

[Event "Team 45 45 League T37"]
[Site "Internet Chess Club"]
[Date "2008.05.01"]
[Round "2"]
[White "jschneigi"]
[Black "ollo"]
[Result "0-1"]
[WhiteElo "1228"]
[BlackElo "1654"]
[Opening "King's pawn game"]
[ECO "C50"]
[Time "21:59:20"]
[TimeControl "2700+45"]

1. e4 e5 2. Nf3 Nc6 3. Bc4 d6 4. h3 g6 5. d4 exd4 6. Nxd4 Bg7 7. Nf3 Nge7 8. Bg5
Bxb2 9. c3 Bxa1 10. Bf6 O-O 11. O-O d5 12. Bxd5 Qd6 13. e5 Qxd5 14. Qxd5 Nxd5
15. Rd1 Nxc3 16. Nxc3 Bxc3 17. g4 Re8 18. Rd5 Be6 19. Rd3 Bb4 20. a3 Be7 21.
Bxe7 Rxe7 22. Ng5 Bc4 23. Re3 Rxe5 24. Rxe5 Nxe5 {White resigns} 0-1

[Event "Team 45 45 League T37"]
[Site "Internet Chess Club"]
[Date "2008.05.01"]
[Round "2"]
[White "cysk"]
[Black "klt713"]
[Result "1-0"]
[WhiteElo "1434"]
[BlackElo "1174"]
[Opening "Sicilian: closed"]
[ECO "B23"]
[Time "22:05:49"]
[TimeControl "2700+45"]

1. e4 c5 2. Nc3 e6 3. f4 Nc6 4. Nf3 a6 5. Bc4 b5 6. Be2 Bb7 7. d3 Be7 8. O-O d5
9. a3 Qc7 10. exd5 exd5 11. Nxd5 Qd6 12. Nxe7 Ngxe7 13. Qe1 O-O 14. Qh4 Rfe8 15.
Ng5 h6 16. Ne4 Qg6 17. Nxc5 Nf5 18. Qg4 Qxg4 19. Bxg4 Nd6 20. Nxb7 Nxb7 21. Bf3
Nbd8 22. Bd2 Rc8 23. Rae1 Ne6 24. Bxc6 Rxc6 25. f5 Nc7 26. c3 Rd8 27. d4 Kf8 28.
b3 Nd5 29. Rc1 Nb6 30. Rfe1 Nc8 31. Re5 Rf6 32. g4 Ne7 33. Rf1 Nc6 34. Rc5 Na5
35. g5 Rfd6 36. Bf4 R6d7 37. Bc7 Nxb3 38. Bxd8 Rxd8 39. Rc6 Re8 40. gxh6 gxh6
41. Rxh6 Kg7 42. Rxa6 Nd2 43. Rd1 Ne4 44. Re1 Ng3 45. Rxe8 Ne2+ 46. Rxe2 {Black
resigns} 1-0